 Dungeon Crawl Stone Soup version 0.20.0-4-g10b340a (webtiles) character file.

73 Chiseanne the Vexing (level 4, -5/26 HPs)
             Began as a Deep Elf Arcane Marksman on May 28, 2017.
             Slain by Crazy Yiuf
             ... wielding a +3 quarterstaff of chaos
              (12 damage)
             ... on level 2 of the Dungeon.
             The game lasted 00:04:14 (2096 turns).

Chiseanne the Vexing (Deep Elf Arcane Marksman)     Turns: 2096, Time: 00:04:15

Health: -5/26      AC:  7    Str:  8    XL:     4   Next: 8%
Magic:  8/8        EV:  8    Int: 18    God:
Gold:   119        SH:  0    Dex: 15    Spells: 5/6 levels left

rFire    . . .     SeeInvis .   a - +1 dagger (speed)
rCold    . . .     Gourm    .   (no shield)
rNeg     . . .     Faith    .   q - +0 scale mail
rPois    .         Spirit   .   e - +1 hat
rElec    .         Reflect  .   (no cloak)
rCorr    .         Harm     .   (no gloves)
MR       .....                  (no boots)
Stlth    ..........             (no amulet)
Regen    0.1/turn               (no ring)
MPRegen  0.2/turn               (no ring)

@: lethally poisoned (-5 -> -19), very slightly contaminated, drained, invisible
A: no striking features
a: no special abilities


You were on level 2 of the Dungeon.
You were not hungry.

You visited 1 branch of the dungeon, and saw 2 of its levels.

You collected 119 gold pieces.

Inventory:

Hand Weapons
 a - a +1 dagger of speed (weapon)
 w - a +0 hunting sling
Missiles
 b - 26 stones (quivered)
 j - 26 arrows
 t - 17 sling bullets
Armour
 e - a +1 hat (worn)
 q - a +0 scale mail (worn)
Potions
 g - 2 potions of flight
 l - 3 potions of curing
 o - a potion of degeneration {unknown}
 p - a potion of mutation {unknown}
 u - a potion of resistance {unknown}
Books
 c - a book of Debilitation

   Spells                             Type                      Level
   a - Corona                         Hexes                        1
   b - Slow                           Hexes                        2
   c - Inner Flame                    Hexes/Fire                   3
   d - Portal Projectile              Hexes/Translocation          3
   e - Cause Fear                     Hexes                        4
   f - Leda's Liquefaction            Hexes/Earth                  4
Comestibles
 f - a bread ration
 h - 3 fruits
 m - a royal jelly
 s - a meat ration


   Skills:
 * Level 2.0(1.8) Fighting
 - Level 1.5(1.6) Slings
 * Level 1.6(1.9) Throwing
 * Level 1.1(0.9) Armour
 - Level 3.0(2.8) Dodging
 - Level 1.5(1.2) Spellcasting
 - Level 4.0(3.7) Hexes


You had 5 spell levels left.
You knew the following spells:

 Your Spells              Type           Power        Failure   Level  Hunger
a - Corona                Hex            ##.....      38%         1    ##.....


Dungeon Overview and Level Annotations

Branches:
Dungeon (2/15)

Altars:
Cheibriados

Annotations:
D:2 Crazy Yiuf


Message History

You hit Crazy Yiuf.
Crazy Yiuf is heavily wounded.
You barely miss Crazy Yiuf.
Crazy Yiuf is heavily wounded.
Crazy Yiuf closely misses you.
You completely miss Crazy Yiuf.
Crazy Yiuf is heavily wounded.
You hit Crazy Yiuf but do no damage.
Crazy Yiuf is heavily wounded.
Crazy Yiuf hits you with a quarterstaff of chaos.
You are poisoned.
You completely miss Crazy Yiuf.
Crazy Yiuf is heavily wounded.
You feel sick.
Crazy Yiuf waves his quarterstaff at you.
Crazy Yiuf hits you with a quarterstaff of chaos!
Ouch! That really hurt!
* * * LOW HITPOINT WARNING * * *
You are electrocuted!
You die...

###....##
###......#.#
#....#
#.'......)..
#....#
###......#..
#...##
#......###
##.##
#......# #.##
######## ##.#
#.## ##@#
*#g#* ###
*...* #.#
##### #...#
#.# #....
#.()# #.#
#.... #####
#.# #....
#.######....
###
##...........
#.######
#'#######....


You could see Crazy Yiuf.

Vanquished Creatures
  An adder (D:2)
  An ooze (D:2)
  A worm (D:2)
  A dart slug (D:2)
  An orc (D:2)
  A ball python (D:2)
  8 bats
  2 giant cockroaches (D:2)
  4 goblins
  11 hobgoblins
  4 jackals (D:1)
  7 frilled lizards
  2 kobolds (D:1)
  8 rats
52 creatures vanquished.

Notes
Turn   | Place    | Note
-------+----------+-------------------------------------------
     0 | D:1      | Chiseanne the Deep Elf Arcane Marksman began the quest for the Orb.
     0 | D:1      | Reached XP level 1. HP: 11/11 MP: 5/5
    42 | D:1      | Reached skill level 1 in Fighting
   249 | D:1      | Reached XP level 2. HP: 16/16 MP: 6/6
   347 | D:1      | Reached skill level 1 in Throwing
  1047 | D:1      | Reached XP level 3. HP: 21/21 MP: 7/7
  1558 | D:2      | Found a snail-covered altar of Cheibriados.
  1637 | D:2      | Reached skill level 1 in Armour
  1839 | D:2      | Reached XP level 4. HP: 26/26 MP: 8/8
  2067 | D:2      | Found a runed door.
  2072 | D:2      | Noticed Crazy Yiuf
  2096 | D:2      | Slain by Crazy Yiuf

Skill      XL: |  1  2  3 |
---------------+----------+-----
Fighting       | 1 2 |  2.0
Throwing       | 1 |  1.6
Dodging        | 3 |  3.0
Armour         | 1 |  1.1
Slings         | |  1.5
Spellcasting   | |  1.5
Hexes          | |  4.0

Action                   |  1- 3 |  4- 6 || total
-------------------------+-------+-------++-------
Melee: Dagger            |     5 |    21 ||    26
 Fire: Hunting sling     |   167 |    10 ||   177
  Use: Scroll            |    11 |     1 ||    12
       Potion            |     1 |     1 ||     2
 Stab: Invisible         |       |     3 ||     3
  Eat: Chunk             |     3 |       ||     3
Armor: Robe              |     7 |       ||     7
       Scale mail        |    20 |     2 ||    22
       Ring mail         |     6 |       ||     6
Dodge: Dodged            |    47 |    13 ||    60
